 Dungeon Crawl Stone Soup version 0.21-a0-110-g8e1637b (webtiles) character file.

410 Manul the Slasher (level 6, -3/37 HPs)
             Began as a Tengu Gladiator on July 10, 2017.
             Was a Believer of Nemelex Xobeh.
             Killed by a card of wild magic (21 damage)
             ... on level 4 of the Dungeon.
             The game lasted 00:04:29 (3237 turns).

Manul the Slasher (Tengu Gladiator)                 Turns: 3237, Time: 00:04:30

Health: -3/37      AC:  6    Str: 14    XL:     6   Next: 89%
Magic:  6/7        EV: 16    Int:  8    God:    Nemelex Xobeh [**....]
Gold:   143        SH:  0    Dex: 18    Spells: 5/5 levels left

rFire    + . .     SeeInvis .   a - +0 long sword
rCold    . . .     Gourm    .   (no shield)
rNeg     . . .     Faith    .   i - +0 ring mail
rPois    .         Spirit   .   c - +0 hat
rElec    .         Reflect  .   (no cloak)
rCorr    .         Harm     .   q - +0 pair of gloves
MR       .....                  (boots unavailable)
Stlth    +.........             (no amulet)
HPRegen  0.12/turn              k - ring of protection from fire
MPRegen  0.10/turn              u - ring of flight

@: flying quickly and evasively, quick
A: beak, talons 3, able to fly 1
a: Renounce Religion, Stop Flying


You were on level 4 of the Dungeon.
You worshipped Nemelex Xobeh.
Nemelex Xobeh was pleased with you.
You were not hungry.

You visited 1 branch of the dungeon, and saw 4 of its levels.

You collected 143 gold pieces.

Inventory:

Hand Weapons
 a - a +0 long sword (weapon)
 B - a +0 hand axe of chopping
Missiles
 d - 3 throwing nets (quivered)
Armour
 b - a +0 leather armour
 c - a +0 hat (worn)
 i - a +0 ring mail (worn)
 q - a +0 pair of gloves (worn)
Jewellery
 k - a ring of protection from fire (left hand)
 n - an uncursed ring of fire
 u - a ring of flight (right hand)
Scrolls
 g - 3 scrolls of magic mapping {unknown}
 h - 5 scrolls of remove curse {unknown}
 l - 3 scrolls of teleportation {unknown}
 x - a scroll of identify {unknown}
Potions
 o - 2 potions of resistance
 p - a potion of brilliance {unknown}
 r - a potion of mutation {unknown}
 t - a potion of cancellation {unknown}
 v - a potion of heal wounds
 z - a potion of degeneration {unknown}
 C - a potion of ambrosia {unknown}
Books
 y - a book of Misfortune

   Spells                             Type                      Level
   a - Confusing Touch                Hexes                        1
   b - Confuse                        Hexes                        3
   c - Gell's Gravitas                Translocation                3
   d - Petrify                        Transmutation/Earth          4
   e - Metabolic Englaciation         Hexes/Ice                    5
   f - Yara's Violent Unravelling     Hexes/Transmutation          5
Miscellaneous
 e - a plain deck of destruction {drawn: 7}
 w - an ornate deck of escape
 D - a plain deck of summoning {drawn: 2}
Comestibles
 f - 3 bread rations
 j - 7 fruits
 m - 3 royal jellies
 A - 3 chunks of flesh


   Skills:
 + Level 3.0 Fighting
 + Level 5.8 Long Blades
 + Level 2.0 Throwing
 + Level 3.4 Armour
 + Level 4.4 Dodging
 + Level 0.7 Stealth
 + Level 0.5 Invocations
 + Level 0.4 Evocations


You had 5 spell levels left.
You didn't know any spells.

Dungeon Overview and Level Annotations

Branches:
Dungeon (4/15)
 Temple: D:4-7

Altars:
Nemelex Xobeh
Okawaru


Innate Abilities, Weirdness & Mutations

You have a beak for a mouth.
You have claws for feet.
You can fly.


Message History

The scorpion poisons you! The scorpion barely misses you.
You riposte.
You hit the scorpion but do no damage.
You claw the scorpion, but do no damage.
You peck the scorpion.
The scorpion is moderately wounded.
You feel better. The scorpion closely misses you.
You riposte.
You barely miss the scorpion. You claw the scorpion.
The scorpion is moderately wounded.
Evoke which item? (* to show all) (? for menu, Esc to quit)
That's the wrong kind of item! (Use * to select it.) Evoke which item? (* to show all) (? for menu, Esc to quit)
You draw a card...
It is Wild Magic.
There is a sudden explosion of magical energy!
The explosion engulfs the scorpion.
The scorpion dies!
Your Fighting skill increases to level 3!
The explosion engulfs you!
Ouch! That really hurt!
You die...
Your body glows slightly and disappears.

..............#.##
###.............#
#.#..#######..###
#.#..#######.....
#).....<[..#
##.##.##.###
#.##.##.#
#.##.##.########.
#.##.##..@.......
..##.###..####...
#.##.# ##.# #. #.#
#.. #.# .... ..♣..
♣♣♣... .##.


There were no monsters in sight!

Vanquished Creatures
  The ghost of Zigma the Ruffian, an amateur DrMo (D:3)
  A gnoll shaman (D:4)
  An orc priest (D:3)
  Natasha (D:1)
  A gnoll (D:4)
  8 adders
  A worm (D:3)
  3 dart slugs
  3 leopard geckos
  7 orcs (D:3)
  A ball python (D:3)
  4 giant cockroaches
  6 goblins
  7 hobgoblins
  7 jackals
  11 kobolds
  4 quokkas
  5 bats
  3 frilled lizards
  16 rats
91 creatures vanquished.

Vanquished Creatures (others)
  A scorpion (D:4)
  A gnoll (D:4)
2 creatures vanquished.

Grand Total: 93 creatures vanquished

Notes
Turn   | Place    | Note
-------+----------+-------------------------------------------
     0 | D:1      | Manul the Tengu Gladiator began the quest for the Orb.
     0 | D:1      | Reached XP level 1. HP: 12/12 MP: 2/2
   151 | D:1      | Reached XP level 2. HP: 15/17 MP: 3/3
   568 | D:1      | Reached skill level 4 in Long Blades
   657 | D:2      | Found a faded altar of an unknown god.
   662 | D:2      | Noticed Natasha
   665 | D:2      | Noticed a crimson imp
   674 | D:2      | Noticed a crimson imp
   676 | D:2      | Noticed a crimson imp
   680 | D:1      | Reached XP level 3. HP: 17/21 MP: 4/4
   731 | D:1      | HP: 1/21 [Natasha (6)]
   735 | D:1      | Killed Natasha
   735 | D:1      | Reached XP level 4. HP: 26/26 MP: 5/5
   746 | D:2      | Became a worshipper of Nemelex Xobeh the Trickster
   746 | D:2      | Received a gift from Nemelex Xobeh
   746 | D:2      | Reached * piety under Nemelex Xobeh
  1102 | D:2      | Received a gift from Nemelex Xobeh
  1635 | D:3      | Reached skill level 1 in Armour
  2003 | D:3      | Reached ** piety under Nemelex Xobeh
  2021 | D:3      | Gained mutation: You can fly. [Tengu growth]
  2021 | D:3      | Reached XP level 5. HP: 30/30 MP: 6/6
  2125 | D:3      | Reached skill level 5 in Long Blades
  2506 | D:3      | Found an iron altar of Okawaru.
  2565 | D:3      | Noticed Zigma's ghost (amateur DrMo)
  2581 | D:3      | HP: 2/46 [Zigma's ghost (4)]
  2582 | D:3      | Killed Zigma's ghost
  2582 | D:3      | Reached XP level 6. HP: 2/36 MP: 5/7
  2982 | D:3      | Received a gift from Nemelex Xobeh
  3089 | D:4      | Noticed a rust devil
  3091 | D:4      | Noticed a phantom
  3237 | D:4      | Killed by a card of wild magic

Vault maps used:
D:1:      lightli_iron_boxes
D:2:      chequers_ecumenical_altar_simple, minmay_misc_feat_chi, uniq_natasha
D:3:      okawaru_ov_weapons_minmay, first_bread, minmay_misc_feat_diagonals,
          kennysheep_generic_room_7
D:4:      kennysheep_little_box, serial_park_tiny_2

Skill      XL: |  1  2  3  4  5  6 |
---------------+-------------------+-----
Long Blades    | 4 5 |  5.8
Dodging        | 4 |  4.4
Armour         | 1 2 3 |  3.4
Fighting       | 3 |  3.0
Throwing       | |  2.0
Stealth        | |  0.7
Invocations    | |  0.5
Evocations     | |  0.4

Action                   |  1- 3 |  4- 6 || total
-------------------------+-------+-------++-------
Melee: Long sword        |    42 |   149 ||   191
       Kick              |     8 |    49 ||    57
       Peck              |     4 |    30 ||    34
 Abil: Evoke Flight      |       |     4 ||     4
Evoke: Deck              |       |     8 ||     8
  Use: Potion            |     4 |     2 ||     6
  Eat: Chunk             |       |     8 ||     8
Armor: Leather armour    |     5 |       ||     5
       Ring mail         |    11 |    46 ||    57
Dodge: Dodged            |    28 |   118 ||   146
       Rpst.: Long sword |     7 |    30 ||    37
